 Dungeon Crawl Stone Soup version 0.27-a0-1099-g7f87ac42b0 (webtiles) character file.

Game seed: 2033466087786819505

3868 DarkShadow the Carver (level 9, 0/81 (85) HPs)
             Began as a Minotaur Fighter on Apr 28, 2021.
             Was an Initiate of Gozag.
             Killed by Olgreb's Toxic Radiance
             ... invoked by RamboRex's ghost
              (3 damage)
             ... on level 7 of the Dungeon.
             The game lasted 00:20:35 (8098 turns).

DarkShadow the Carver (Minotaur Fighter)            Turns: 8098, Time: 00:20:35

HP:   0/81 (85)     AC: 18    Str: 24    XL:     9   Next: 99%
MP:   8/8           EV:  8    Int:  5    God:    Gozag
Gold: 471           SH: 13    Dex: 10    Spells: 8/8 levels left

rFire    . . .     SeeInvis .   a - +0 long sword
rCold    . . .     Faith    .   c - +1 kite shield
rNeg     . . .     Spirit   .   e - +0 chain mail
rPois    .         Reflect  .   (helmet restricted)
rElec    .         Harm     .   r - +0 cloak
rCorr    .         Rampage  .   q - +0 pair of gloves
Will     .....                  (no boots)
Stlth    ..........             (no amulet)
HPRegen  0.23/turn              (no ring)
MPRegen  0.11/turn              (no ring)

@: lethally poisoned (0 -> -3), lightly drained, very slow
A: horns 2, retaliatory headbutt, iridescent scales 2, wild magic 1, MP-powered
wands, sturdy frame 1
a: Renounce Religion, Potion Petition, Call Merchant, Bribe Branch


You were on level 7 of the Dungeon.
You worshipped Gozag.
Gozag was aware of your devotion.
You visited 2 branches of the dungeon, and saw 8 of its levels.

You collected 597 gold pieces.
You paid 126 gold pieces to Gozag.

Inventory:

Hand Weapons
 a - a +0 long sword (weapon)
Armour
 b - a +0 scale mail
 c - a +1 kite shield (worn)
 e - a +0 chain mail (worn)
 q - a +0 pair of gloves (worn)
 r - a +0 cloak (worn)
Jewellery
 j - an amulet of magic regeneration
 s - a ring of ice
 t - an amulet of faith
Wands
 g - a wand of polymorph (13)
 h - a wand of flame (33)
 w - a wand of paralysis (12)
Scrolls
 d - 3 scrolls of teleportation
Potions
 f - a potion of magic
 i - a potion of ambrosia
 k - 4 potions of brilliance
 l - 3 potions of flight {unknown}
 m - 3 potions of attraction
 o - a potion of lignification


   Skills:
 + Level 9.7 Fighting
 + Level 11.0 Long Blades
 + Level 10.1 Armour
 + Level 10.5 Shields


You had 8 spell levels left.
You didn't know any spells.
Your spell library contained the following spells:

 Spells                   Type           Power      Damage    Failure   Level
 Beastly Appendage        Tmut           0%         N/A       98%         1
 Magic Dart               Conj           0%         1d3       98%         1
 Blink                    Tloc           N/A        N/A       99%         2
 Call Imp                 Summ           0%         N/A       99%         2
 Slow                     Hex            0%         N/A       99%         2
 Wereblood                Tmut           0%         N/A       99%         2
 Confusing Touch          Hex            0%         N/A       100%        3
 Conjure Flame            Conj/Fire      0%         6-21      100%        3
 Gell's Gravitas          Tloc           0%         N/A       100%        3
 Mephitic Cloud           Conj/Pois/Air  0%         N/A       100%        3
 Spider Form              Tmut/Pois      0%         N/A       100%        3
 Ice Form                 Ice/Tmut       0%         N/A       100%        4
 Petrify                  Tmut/Erth      0%         N/A       100%        4
 Hydra Form               Tmut           0%         N/A       100%        5
 Metabolic Englaciation   Hex/Ice        0%         N/A       100%        5
 Yara's Violent Unravell  Hex/Tmut       0%         3d3       100%        5


Dungeon Overview and Level Annotations

Branches:
Dungeon (7/15)             Temple (1/1) D:6

Altars:
Dithmenos
Gozag
Hepliaklqana
Kikubaaqudgha
Makhleb
Nemelex Xobeh
Ru
Sif Muna
Trog
Vehumet
Wu Jian
Xom
Yredelemnul
Lugonu

Annotations:
D:7 RamboRex's ghost, novice OgVM


Innate Abilities, Weirdness & Mutations

You have a pair of horns on your head.
You reflexively headbutt those who attack you in melee.
You are mostly covered in iridescent scales. (AC +4)
Your spells are a little harder to cast, but a little more powerful.
You expend magic power (3 MP) to strengthen your wands.
Your movements are slightly less encumbered by armour. (ER -2)


Message History

You hit RamboRex's ghost. You headbutt RamboRex's ghost.
RamboRex's ghost is almost destroyed.
You feel sick.
* * * LOW HITPOINT WARNING * * *
You are more poisoned.
RamboRex's ghost's toxic aura wanes.
RamboRex's ghost hits you but does no damage.
You feel better. The bullfrog barely misses you.
RamboRex's ghost casts a spell at you. The sting hits you but does no damage.
You are poisoned.
The bullfrog hits you but does no damage.
You hit RamboRex's ghost.
RamboRex's ghost is almost destroyed.
You feel sick. RamboRex's ghost hits you!
* * * LOW HITPOINT WARNING * * *
You writhe in agony.
* * * LOW HITPOINT WARNING * * *
The bullfrog hits you but does no damage.
Okay, then.
As you read the scroll of fear, it crumbles to dust.
You assume a fearsome visage.
RamboRex's ghost is unaffected.
The bullfrog looks frightened!
You feel sick. RamboRex's ghost casts a spell at you.
The ball explodes into a vile cloud!
The stinking cloud engulfs you but does no damage.
The stinking cloud engulfs RamboRex's ghost but does no damage.
You enter the shallow water.
Moving in this stuff is going to be slow.
You are engulfed in noxious fumes.
* * * LOW HITPOINT WARNING * * *
You feel sick.
RamboRex's ghost casts a spell.
RamboRex's ghost begins to radiate toxic energy.
* * * LOW HITPOINT WARNING * * *
You are lethally poisoned!
* * * LOW HITPOINT WARNING * * *
You feel sick.
You die...
Your body crumbles into a pile of gold.

....#......#.#
#.#.#.#.#####.#..#
....#...#..#.#
#.#.#.#....#...#.#
....#####..#.#
#.#.#.#....#.#...#
.............#
#...#.#....##.#.##
.............#######.#.....##.##
.........#.#..................#
.........#....#########......##
#...#'#..##..○#.....# #......#
#...'_'[.##..○W☼@≈≈(# #......#
#...#'#.....>☼#☼....# #......#
........#####.####### ######.#
##..........#.# #########'##
#.######.###.# #..........# #.#
.# #.# #..........# ##.### . ...
#..........# .....# ###..
####..........# .....+ ...
#[............#


You could see RamboRex's ghost (toxic aura).

Vanquished Creatures
  Pikel (D:7)
  Grinder (D:5)
  Sigmund (D:6)
  Eustachio (D:5)
  An ice beast (D:5)
  A black bear (D:6)
  6 ogres
  A lemure (D:7)
  3 phantoms
  A bullfrog (D:6)
  A water moccasin zombie (D:5)
  A wyvern skeleton (D:7)
  2 scorpions (D:6)
  A wyvern zombie (D:5)
  6 killer bees
  4 wights (D:7)
  A howler monkey (D:3)
  2 bullfrog zombies (D:5)
  A jelly (D:7)
  Crazy Yiuf (D:5)
  2 centaur zombies
  2 bullfrog skeletons (D:5)
  2 orc priests
  A gnoll shaman (D:7)
  4 hounds
  2 iguanas
  A killer bee zombie (D:6)
  An orc wizard (D:4)
  Terence (D:2)
  The ghost of glosham the Sneak, a weakling DjDe (D:4)
  A hound zombie (D:5)
  A howler monkey zombie (D:7)
  11 gnolls
  A howler monkey skeleton (D:7)
  3 adders
  A white imp (D:6)
  An ufetubus (D:5)
  2 worms
  2 dart slugs
  9 orcs
  8 ball pythons
  4 bats
  4 endoplasms
  4 giant cockroaches
  4 goblins
  3 hobgoblins
  3 jackals (D:4)
  5 quokkas
  10 kobolds
  3 rats (D:2)
134 creatures vanquished.

Notes
Turn   | Place    | Note
-------+----------+-------------------------------------------
     0 | D:1      | DarkShadow the Minotaur Fighter began the quest for the
                  | Orb.
     0 | D:1      | Reached XP level 1. HP: 19/19 MP: 0/0
   509 | D:1      | Reached XP level 2. HP: 27/27 MP: 1/1
   884 | D:1      | Found a faded altar of an unknown god.
  1050 | D:2      | Noticed Terence
  1059 | D:2      | Killed Terence
  1060 | D:2      | Reached XP level 3. HP: 25/33 MP: 2/2
  1326 | D:2      | Reached skill level 3 in Long Blades
  1814 | D:2      | Reached XP level 4. HP: 38/40 MP: 3/3
  2180 | D:3      | Reached skill level 4 in Long Blades
  2180 | D:3      | Reached XP level 5. HP: 44/46 MP: 4/4
  2845 | D:4      | Found a runed translucent gate.
  2847 | D:4      | Found a runed translucent gate.
  2945 | D:4      | Noticed an ogre
  2956 | D:4      | Killed an ogre
  2957 | D:4      | Reached skill level 5 in Long Blades
  2957 | D:4      | Reached skill level 5 in Armour
  2957 | D:4      | Reached skill level 5 in Shields
  2957 | D:4      | Reached XP level 6. HP: 34/53 MP: 5/5
  3412 | D:4      | Reached skill level 9 in Long Blades
  3412 | D:4      | Reached XP level 7. HP: 69/69 MP: 6/6
  3594 | D:4      | Found a shimmering blue altar of Sif Muna.
  3656 | D:4      | Found an ancient bone altar of Kikubaaqudgha.
  3656 | D:4      | Found a shimmering altar of Xom.
  3738 | D:4      | Found a runed translucent gate.
  3739 | D:4      | Noticed glosham's ghost (weakling DjDe)
  3753 | D:4      | Killed glosham's ghost
  3820 | D:5      | Entered Level 5 of the Dungeon
  3900 | D:5      | Noticed Grinder
  3907 | D:5      | Killed Grinder
  3908 | D:5      | Reached XP level 8. HP: 63/77 MP: 7/7
  3914 | D:5      | Gained mutation: You possess an exceptional clarity of
                  | mind. [potion of mutation]
  3914 | D:5      | Gained mutation: You are agile. (Dex +2) [potion of
                  | mutation]
  4317 | D:5      | Noticed Eustachio
  4355 | D:5      | Killed Eustachio
  4771 | D:5      | Found a basalt altar of Yredelemnul.
  4783 | D:5      | Reached skill level 10 in Long Blades
  4876 | D:5      | Found a radiant altar of Vehumet.
  4977 | D:5      | Found a bloodstained altar of Trog.
  5110 | D:5      | Found a runed translucent door.
  5111 | D:5      | Noticed Crazy Yiuf
  5412 | D:5      | Killed Crazy Yiuf
  5426 | D:5      | Lost mutation: You possess an exceptional clarity of mind.
                  | [potion of mutation]
  5426 | D:5      | Gained mutation: You are partially covered in iridescent
                  | scales. (AC +2) [potion of mutation]
  5426 | D:5      | Gained mutation: Your movements are slightly less
                  | encumbered by armour. (ER -2) [potion of mutation]
  5426 | D:5      | Gained mutation: You expend magic power (3 MP) to
                  | strengthen your wands. [potion of mutation]
  5427 | D:5      | Lost mutation: Your movements are slightly less encumbered
                  | by armour. (ER -2) [potion of mutation]
  5427 | D:5      | Lost mutation: You are agile. (Dex +2) [potion of mutation]
  5427 | D:5      | Gained mutation: Your movements are slightly less
                  | encumbered by armour. (ER -2) [potion of mutation]
  5427 | D:5      | Gained mutation: Your spells are a little harder to cast,
                  | but a little more powerful. [potion of mutation]
  5427 | D:5      | Gained mutation: You are mostly covered in iridescent
                  | scales. (AC +4) [potion of mutation]
  5698 | D:6      | Reached XP level 9. HP: 49/83 MP: 8/8
  6143 | D:6      | Noticed Sigmund
  6173 | D:6      | Killed Sigmund
  6383 | D:6      | Found a staircase to the Ecumenical Temple.
  6395 | Temple   | Entered the Ecumenical Temple
  6476 | Temple   | Became a worshipper of Gozag Ym Sagoz the Greedy
  7008 | D:7      | Reached skill level 10 in Shields
  7021 | D:7      | Found a sparkling altar of Nemelex Xobeh.
  7022 | D:7      | Noticed Pikel
  7023 | D:7      | Found a runed translucent door.
  7057 | D:7      | Killed Pikel
  7058 | D:7      | Reached skill level 10 in Armour
  7730 | D:7      | Reached skill level 11 in Long Blades
  7874 | D:7      | Found a sacrificial altar of Ru.
  8068 | D:7      | Noticed RamboRex's ghost (novice OgVM)
  8098 | D:7      | HP: 3/81 [poisoned by RamboRex's ghost (toxic radiance)]
  8098 | D:7      | Killed from afar by RamboRex's ghost

Illustrated notes

Levels and vault maps discovered:
D:1:      saegor_arrival_simple_c, layout_loops_cross,
          shapermc_ecumenical_altar_totnotflames
D:2:      layout_basic, minivault_4, uniq_terence
D:3:      layout_rooms
D:4:      layout_basic, led_sif_book, gammafunk_temple_overflow_statue,
          ebering_ghost_rock_garden
D:5:      layout_basic, amcnicky_altar_gilded, trog_book,
          nicolae_yredelemnul_corpse_copse, serial_curves, eino_curves_03,
          eino_curves_03, uniq_grinder, uniq_eustachio, uniq_crazy_yiuf_cottage
D:6:      layout_gridville, temple_green, uniq_sigmund
D:7:      layout_basic, marbit_many_paths, lemuel_round_altar,
          kennysheep_mini_moat, ebering_ghost_reflecting_pool, uniq_pikel
Temple:   kb_corrupted_temple

Skill      XL: |  1  2  3  4  5  6  7  8  9 |
---------------+----------------------------+-----
Shields        | 4 5 9 10 | 10.5
Armour         | 4 5 9 10 | 10.1
Fighting       | 4 8 9 |  9.7
Long Blades    | 3 4 5 9 10 11 | 11.0

Action                   |  1- 3 |  4- 6 |  7- 9 || total
-------------------------+-------+-------+-------++-------
Melee: Long sword        |    92 |   100 |   291 ||   483
       Headbutt          |    16 |    18 |    72 ||   106
  Use: Scroll            |       |     9 |    10 ||    19
       Potion            |       |     1 |     7 ||     8
 Stab: Distracted        |       |       |     1 ||     1
Armor: Chain mail        |    52 |    38 |   192 ||   282
       Scale mail        |     4 |       |       ||     4
Dodge: Dodged            |    13 |    25 |   129 ||   167
Block: Kite shield       |    50 |    64 |   214 ||   328
       Rpst.: Long sword |     6 |     7 |    36 ||    49

Table legend: (Time is in decaauts)
 A = Elapsed time spent in this place.
 B = Non-inter-level travel time spent in this place.
 C = Inter-level travel time spent in this place.
 D = Time resting spent in this place.
 E = Time spent auto-exploring this place.
 F = Levels seen in this place.
 G = Mean time per level.
                   A        B        C        D        E       F      G
               +--------+--------+--------+--------+--------+-----+--------+
         Total |   8183 |   7875 |    308 |   1312 |   5261 |   8 | 1022.9 |
       Dungeon |   8081 |   7785 |    296 |   1312 |   5191 |   7 | 1154.4 |
        Temple |    101 |     89 |     12 |      0 |     70 |   1 |  101.0 |
               +--------+--------+--------+--------+--------+-----+--------+

Top non-repeatable levels by time:
     D:5: 1770 daAuts
     D:6: 1676 daAuts
     D:4: 1085 daAuts
     D:2: 1070 daAuts
     D:1: 1068 daAuts
     D:7: 730 daAuts
     D:3: 680 daAuts
  Temple: 101 daAuts
